 Dungeon Crawl Stone Soup version 0.32-a0-898-g7811c86cf0 (webtiles) character file.

Game seed: 7224068208763515963

8 teonee the Gusty (level 2, 0/15 HPs)
             Began as a Tengu Air Elementalist on Apr 4, 2024.
             Slain by an adder (3 damage)
             ... on level 2 of the Dungeon.
             The game lasted 00:02:57 (427 turns).

teonee the Gusty (Tengu Air Elementalist)            Turns: 427, Time: 00:02:59

Health: 0/15       AC:  2    Str:  8    XL:     2   Next: 8%
Magic:  0/6        EV: 11    Int: 15    God:
Gold:   32         SH:  0    Dex: 14    Spells: 4/5 levels left

rFire   . . .        (no weapon)
rCold   . . .        (no shield)
rNeg    . . .        a - +0 robe
rPois   .            (helmet restricted)
rElec   .            (no cloak)
rCorr   .            (no gloves)
SInv    .            (boots unavailable)
Will    .....        (no amulet)
Stlth   ++           (no ring)
HPRegen 0.22/turn    (no ring)
MPRegen 0.10/turn

%: acrobat
@: no status effects
A: beak, talons 3, acrobatic
a: no special abilities


You were on level 2 of the Dungeon.
You visited 1 branch of the dungeon, and saw 2 of its levels.

You collected 32 gold pieces.

Inventory:

Armour
 a - a +0 robe (worn)
Jewellery
 e - a ring of fire
Scrolls
 f - a scroll of fog {unknown}
 g - a scroll of identify {unknown}
Potions
 b - a potion of magic
 c - a potion of heal wounds {unknown}
 d - a potion of berserk rage {unknown}


   Skills:
 + Level 2.2 Dodging
 + Level 2.1 Stealth
 + Level 2.0 Spellcasting
 + Level 1.7 Conjurations
 + Level 4.4 Air Magic


You had 4 spell levels left.
You knew the following spells:

 Your Spells              Type           Power      Damage    Failure   Level
a - Shock                 Conj/Air       40%        1d5       6%          1

Your spell library contained the following spells:

 Spells                   Type           Power      Damage    Failure   Level
 Static Discharge         Conj/Air       20%        3-4/arc   10%         2
 Swiftness                Air            14%        N/A       11%         3
 Airstrike                Air            7%         2d(1-17)  34%         4


Dungeon Overview and Level Annotations

Branches:
Dungeon (1/15)

Altars:


Innate Abilities, Weirdness & Mutations

You have a beak for a mouth.
You have claws for feet.
You can magically evade attacks while moving or waiting.


Message History

A kobold comes into view. It is wielding a +0 club.
The zap hits the adder.
The adder is moderately wounded.
The adder hisses angrily.
The kobold shouts!
The zap hits the adder.
The adder is severely wounded.
The zap hits the kobold.
You kill the kobold!
The adder closely misses you.
The giant cockroach bites you but does no damage.
You hit the adder.
The adder is almost dead.
The adder bites you.
You are poisoned.
The adder poisons you!
The giant cockroach bites you but does no damage.
You closely miss the adder. Your kick misses the adder.
The adder is severely wounded.
You feel sick. The adder barely misses you. The giant cockroach bites you.
You hit the adder. Your kick misses the adder.
The adder is almost dead.
You feel sick. The adder bites you but does no damage.
The giant cockroach barely misses you. The adder misses you.
You closely miss the adder.
The adder is almost dead.
You feel sick. The giant cockroach misses you. The adder closely misses you.
The giant cockroach closely misses you.
You hit the adder but do no damage.
The adder is almost dead.
You feel sick. The adder bites you.
* * * LOW HITPOINT WARNING * * *
The giant cockroach closely misses you.
You hit the adder but do no damage. Your kick misses the adder.
The adder is almost dead.
You feel sick.
You are no longer poisoned.
The adder bites you but does no damage.
The giant cockroach bites you but does no damage.
The adder bites you.
You die...

. .. .. #.
§..#..
≈≈...†#
#...#####
#.....#
#.###.#####
... #...B.#
#.#.
#.###@#
..... ...#
#S# ...
....#.# #.#
#..
.##.....
... #..
!... ...
... ...
.........
... ###
..)..
......#


You could see an adder and a giant cockroach.

Vanquished Creatures
  A goblin (D:1)
  A hobgoblin (D:2)
  A quokka (D:1)
  2 bats (D:1)
  A frilled lizard (D:1)
  2 kobolds
  A rat (D:1)
9 creatures vanquished.

Notes
Turn   | Place    | Note
-------+----------+-------------------------------------------
     0 | D:1      | teonee the Tengu Air Elementalist began the quest for the
                  | Orb.
     0 | D:1      | Reached XP level 1. HP: 10/10 MP: 4/4
   406 | D:1      | You fall into a shaft and drop 1 floor!
   413 | D:2      | Reached XP level 2. HP: 15/15 MP: 1/6
   427 | D:2      | Slain by an adder

Illustrated notes

Levels and vault maps discovered:
D:1:      kilobyte_arrival_exit_the_forest, layout_loops_cross,
          minmay_pentomino_t4
D:2:      layout_loops_cross, basic_altar, amcnicky_mini_pool_small

Action                     || total
---------------------------++-------
  Melee: Unarmed           ||    10
         Kick              ||     1
   Cast: Shock             ||    18
 Armour: Robe              ||    11
  Dodge: Dodged            ||    10

Table legend: (Time is in decaauts)
 A = Elapsed time spent in this place.
 B = Non-inter-level travel time spent in this place.
 C = Inter-level travel time spent in this place.
 D = Time resting spent in this place.
 E = Time spent auto-exploring this place.
 F = Levels seen in this place.
 G = Mean time per level.
                   A        B        C        D        E       F      G
               +--------+--------+--------+--------+--------+-----+--------+
         Total |    427 |    427 |      0 |    116 |     46 |   2 |  213.5 |
       Dungeon |    427 |    427 |      0 |    116 |     46 |   2 |  213.5 |
               +--------+--------+--------+--------+--------+-----+--------+

Top non-repeatable levels by time:
     D:1: 407 daAuts
     D:2: 20 daAuts
